 Dungeon Crawl Stone Soup version 0.30.1-4-g462c640d31 (webtiles) character file.

Game seed: 14435747932879271691

28 Cheops the Conjurer (level 2, 0/22 HPs)
             Began as a Deep Elf Conjurer on Aug 28, 2023.
             Slain by a jackal (3 damage)
             ... on level 1 of the Dungeon.
             The game lasted 00:01:43 (893 turns).

Cheops the Conjurer (Deep Elf Conjurer)              Turns: 893, Time: 00:01:43

Health: 0/22       AC:  2    Str:  4    XL:     2   Next: 96%
Magic:  1/9        EV: 12    Int: 22    God:
Gold:   26         SH:  0    Dex: 13    Spells: 6/9 levels left

rFire   . . .        (no weapon)
rCold   . . .        (no shield)
rNeg    . . .        a - +0 robe
rPois   .            (no helmet)
rElec   .            (no cloak)
rCorr   .            (no gloves)
SInv    .            (no boots)
Will    .....        (no amulet) Stlth
                     (no ring)
HPRegen 0.23/turn    (no ring)
MPRegen 0.11/turn

%: no passive effects
@: berserking, very quick
A: no striking features
a: no special abilities


You were on level 1 of the Dungeon.
You visited 1 branch of the dungeon, and saw 1 of its levels.

You collected 26 gold pieces.

Inventory:

Armour
 a - a +0 robe (worn)
Jewellery
 e - a +6 ring of dexterity
Scrolls
 g - 2 scrolls of identify {unknown}
Potions
 b - a potion of magic
 c - a potion of cancellation {unknown}
 d - a potion of ambrosia {unknown}


   Skills:
 - Level 2.4 Dodging
 - Level 2.4 Stealth
 + Level 4.0 Spellcasting
 - Level 5.0 Conjurations


You had 6 spell levels left.
You knew the following spells:

 Your Spells              Type           Power      Damage    Failure   Level
a - Magic Dart            Conj           100%       1d8       1%          1
b - Searing Ray           Conj           52%        2d6       2%          2

Your spell library contained the following spells:

 Spells                   Type           Power      Damage    Failure   Level
 Dazzling Flash           Conj/Hex       30%        N/A       12%         3
 Fulminant Prism          Conj/Hex       7%         3d7       36%         4
 Iskenderun's Mystic Bla  Conj/Tloc      15%        2d5       36%         4


Dungeon Overview and Level Annotations

Branches:
Dungeon (1/15)

Altars:


Message History

You don't have enough magic to cast this spell.
The jackal bites you.
* * * LOW HITPOINT WARNING * * *
Aiming: Magic Dart (safe; 1% risk of failure)
Press: ? - help, Q - select action, (/) - cycle Shift-Dir - straight line, f/p - jackal
Aim: a jackal (100% to hit)
The magic dart hits the jackal but does no damage.
The jackal is heavily wounded.
The jackal closely misses you. The jackal attacks as you move away!
The jackal closely misses you.
The jackal bites you but does no damage.
The jackal attacks as you move away! The jackal barely misses you.
The jackal attacks as you move away! The jackal barely misses you.
The jackal misses you. The jackal attacks as you move away!
The jackal closely misses you. The jackal completely misses you.
The jackal attacks as you move away! The jackal closely misses you.
The jackal barely misses you.
Aiming: Magic Dart (safe; 1% risk of failure)
Press: ? - help, Q - select action, (/) - cycle Shift-Dir - straight line, f/p - jackal
Aim: a jackal (100% to hit)
The magic dart hits the jackal.
The jackal is heavily wounded.
The jackal bites you.
* * * LOW HITPOINT WARNING * * *
The jackal attacks as you move away!
The jackal bites you but does no damage. x2
The jackal attacks as you move away! The jackal misses you.
The jackal attacks as you move away! The jackal bites you.
* * * LOW HITPOINT WARNING * * *
The jackal barely misses you. The jackal attacks as you move away!
The jackal bites you.
* * * LOW HITPOINT WARNING * * *
The jackal barely misses you. The jackal attacks as you move away!
The jackal bites you.
* * * LOW HITPOINT WARNING * * *
It was a potion of berserk rage.
A red film seems to cover your vision as you go berserk!
You feel yourself moving faster!
You feel mighty! The jackal bites you.
You die...

#.#####.###### #.###
########.# #.......# #.#
.........# #..###.## #.#
########## #..# #.# #.###
.# #.#####..# #.# #.#.. .#
#........# #h# #.... .#
#+######.# #.###### #....
.# #.###h.....# #.... .#
#..@h......## #.... .#
#..##.......# #.... .# ..
#..##.#.....# #.... .#
...###..##.#.....####.#..
.#
........##.#..รท..'....###
.#
#........#.#.....########
..
#........#.#[###.##......
##.........#.# #.##......
##..........###.##......


You could see 2 jackals.

Vanquished Creatures
  5 endoplasms (D:1)
  2 giant cockroaches (D:1)
  2 hobgoblins (D:1)
  2 jackals (D:1)
  A kobold (D:1)
  A quokka (D:1)
  3 ball pythons (D:1)
  2 bats (D:1)
  3 frilled lizards (D:1)
  3 goblins (D:1)
  A rat (D:1)
25 creatures vanquished.

Notes
Turn   | Place    | Note
-------+----------+-------------------------------------------
     0 | D:1      | Cheops the Deep Elf Conjurer began the quest for the Orb.
     0 | D:1      | Reached XP level 1. HP: 10/10 MP: 6/6
   185 | D:1      | Reached XP level 2. HP: 15/15 MP: 5/8
   464 | D:1      | Learned a level 2 spell: Searing Ray
   526 | D:1      | Reached skill level 5 in Conjurations
   893 | D:1      | Slain by a jackal

Illustrated notes

Levels and vault maps discovered:
D:1:      psy_arrival_fountain, layout_basic, minmay_unequal

Skill      XL: |  1  2 |
---------------+-------+-----
Conjurations   | 5 |  5.0
Spellcasting   | 4 |  4.0
Dodging        | |  2.4
Stealth        | |  2.4

Action                     || total
---------------------------++-------
  Melee: Unarmed           ||    12
   Cast: Magic Dart        ||    53
    Use: Potion            ||     1
 Armour: Robe              ||     6
  Dodge: Dodged            ||    38
